 Dungeon Crawl Stone Soup version 0.31-a0-4-gefa6de2278 (webtiles) character file.

Game seed: 11968011498021823445

1383 retardedninja the Firebug (level 8, -6/59 HPs)
             Began as a Gnoll Fire Elementalist on May 4, 2023.
             Shot with an arrow by a centaur (17 damage)
             ... on level 6 of the Dungeon.
             The game lasted 00:08:58 (5977 turns).

retardedninja the Firebug (Gnoll Fire Elementalist) Turns: 5977, Time: 00:08:58

Health: -6/59      AC:  3    Str:  9    XL:     8   Next: 67%
Magic:  7/17       EV: 14    Int: 22    God:
Gold:   312        SH:  0    Dex: 12    Spells: 9/19 levels left

rFire   + . .        x - +0 battleaxe
rCold   + . .        (shield currently unavailable)
rNeg    . . .        a - +0 robe
rPois   +            m - +0 helmet {SInv}
rElec   +            (no cloak)
rCorr   +            (no gloves)
SInv    +            (no boots)
Will    .....        (no amulet)
Stlth   +++          q - +6 ring of intelligence
HPRegen 0.29/turn    i - ring of resist corrosion
MPRegen 0.15/turn

%: no passive effects
@: resistant, marked
A: fangs 1, strong nose, distributed training
a: no special abilities


You were on level 6 of the Dungeon.
You visited 2 branches of the dungeon, and saw 7 of its levels.

You collected 312 gold pieces.

Inventory:

Hand Weapons
 x - a +0 battleaxe (weapon)
Armour
 a - a +0 robe (worn)
 m - a +0 helmet of see invisible (worn)
Jewellery
 i - a ring of resist corrosion (right hand)
 q - a +6 ring of intelligence (left hand)
Scrolls
 c - 5 scrolls of identify
 d - a scroll of enchant weapon {unknown}
 g - a scroll of noise {unknown}
 j - 2 scrolls of blinking {unknown}
 l - a scroll of teleportation {unknown}
 n - 2 scrolls of amnesia {unknown}
 r - a scroll of silence {unknown}
 t - 2 scrolls of poison {unknown}
 u - a scroll of fear {unknown}
 v - 3 scrolls of enchant armour {unknown}
 y - a scroll of magic mapping {unknown}
Potions
 b - a potion of magic
 e - a potion of heal wounds {unknown}
 f - a potion of resistance
 h - a potion of degeneration {unknown}
 k - a potion of lignification {unknown}
 o - a potion of curing {unknown}
 p - a potion of ambrosia {unknown}
 s - 2 potions of mutation {unknown}
 w - 3 potions of attraction {unknown}


   Skills:
 + Level 3.6 Fighting
 + Level 3.6 Short Blades
 + Level 3.6 Long Blades
 + Level 3.6 Axes
 + Level 3.6 Maces & Flails
 + Level 3.6 Polearms
 + Level 3.6 Staves
 + Level 3.6 Ranged Weapons
 + Level 3.6 Throwing
 + Level 3.6 Armour
 + Level 5.9 Dodging
 + Level 5.6 Stealth
 + Level 3.6 Shields
 + Level 3.6 Unarmed Combat
 + Level 6.2 Spellcasting
 + Level 3.7 Conjurations
 + Level 3.0 Hexes
 + Level 3.0 Summonings
 + Level 3.0 Necromancy
 + Level 3.0 Translocations
 + Level 3.0 Transmutations
 + Level 6.2 Fire Magic
 + Level 3.0 Ice Magic
 + Level 3.0 Air Magic
 + Level 3.0 Earth Magic
 + Level 3.0 Poison Magic
 + Level 4.0 Invocations
 + Level 3.6 Evocations


You had 9 spell levels left.
You knew the following spells:

 Your Spells              Type           Power      Damage    Failure   Level
a - Foxfire               Conj/Fire      100%       2x1d9     1%          1
b - Scorch                Fire           68%        2d7       1%          2
c - Flame Wave            Conj/Fire      28%        2d9       12%         4
d - Inner Flame           Hex/Fire       27%        N/A       4%          3

Your spell library contained the following spells:

 Spells                   Type           Power      Damage    Failure   Level
 Slow                     Hex            80%        N/A       2%          1
 Ensorcelled Hibernation  Hex/Ice        40%        N/A       4%          2
 Volatile Blastmotes      Fire/Tloc      54%        2d14      4%          3
 Confusing Touch          Hex            20%        N/A       8%          3
 Spider Form              Tmut/Pois      20%        N/A       8%          3
 Vampiric Draining        Necr           20%        2d7       8%          3
 Anguish                  Hex/Necr       10%        N/A       26%         4


Dungeon Overview and Level Annotations

Branches:
Dungeon (6/15)             Temple (1/1) D:4

Altars:
Ashenzari
Dithmenos
Elyvilon
Gozag
Hepliaklqana
Kikubaaqudgha
Makhleb
Qazlal
Ru
Sif Muna
Trog
Uskayaw
Vehumet
Wu Jian
Xom
Yredelemnul
Zin

Shops:
D:4 ?*((   D:5 (=


Innate Abilities, Weirdness & Mutations

You have very sharp teeth.
Your uncanny sense of smell can sniff out nearby items.
Your experience applies equally to all skills.


Message History

Flames lash the ogre.
The ogre is almost dead.
The ogre's fire resistance burns away.
The sleepcap releases spores at you. The ogre closely misses you.
Unknown command.
Casting: Scorch (safe; 1% risk of failure)
Confirm with . or Enter, or press ? or * to list all spells.
Flames lash the sleepcap.
The sleepcap is moderately damaged.
The sleepcap's fire resistance burns away.
The sleepcap misses you.
Unknown command.
Casting: Scorch (safe; 1% risk of failure)
Confirm with . or Enter, or press ? or * to list all spells.
Flames lash the sleepcap.
The sleepcap is burned terribly!
The sleepcap is heavily damaged.
The sleepcap releases spores at you.
You are engulfed in a cloud of soporific spores!
You fall asleep.
The ogre hits you with a +0 giant club!!
You wake up.
Ouch! That really hurt!
* * * LOW HITPOINT WARNING * * *
A centaur comes into view.
Casting: Scorch (safe; 1% risk of failure)
Confirm with . or Enter, or press ? or * to list all spells.
Flames lash the sleepcap.
The sleepcap is burned terribly!
The sleepcap is heavily damaged.
The sleepcap releases spores at you but does no damage.
The ogre closely misses you.
Unknown command.
As you read the scroll labelled OTHEYD AFIESOI, it crumbles to dust.
It is a scroll of identify.
f - 2 potions of resistance The sleepcap misses you.
The centaur wields a +0 shortbow.
The centaur shoots an arrow.
The arrow hits you.
* * * LOW HITPOINT WARNING * * *
You feel protected.
The centaur shoots an arrow.
The arrow hits you!
You die...

# #.# .# #.#. #.# #.#
#.#.######.####### #.#
.......#.........# #.#
#......#.#.#####.#####.#
...................÷÷..#
............c.##.####..#
...?..O.......##.####..#
......f@......##........
#....##.......##.######.
.?#. #.......##.#∆∆ #. #
#.......##.# #.
##########.# #. #. #.
.... ....


You could see an ogre (combustible), a sleepcap (combustible) and a centaur.

Vanquished Creatures
  Prince Ribbit (D:6)
  2 sky beasts (D:6)
  An ice beast (D:6)
  2 ogres (D:5)
  A centaur (D:6)
  A bullfrog (D:6)
  2 scorpions (D:5)
  A howler monkey (D:5)
  4 jellies (D:5)
  5 hounds
  An iguana (D:5)
  7 adders
  A gnoll (D:2)
  2 worms
  2 dart slugs
  An orc (D:3)
  3 ball pythons (D:1)
  2 endoplasms (D:1)
  3 giant cockroaches (D:1)
  6 goblins
  6 hobgoblins
  2 jackals (D:2)
  2 quokkas (D:3)
  3 bats
  2 frilled lizards
  4 kobolds
  A kobold zombie (D:6)
  9 rats
77 creatures vanquished.

Vanquished Creatures (others)
  391 foxfires
  A plant (D:5)
392 creatures vanquished.

Grand Total: 469 creatures vanquished

Notes
Turn   | Place    | Note
-------+----------+-------------------------------------------
     0 | D:1      | retardedninja the Gnoll Fire Elementalist began the quest
                  | for the Orb.
     0 | D:1      | Reached XP level 1. HP: 13/13 MP: 6/6
   182 | D:1      | Reached XP level 2. HP: 19/19 MP: 5/7
  1200 | D:2      | Reached skill level 5 in Spellcasting
  1200 | D:2      | Reached XP level 3. HP: 25/25 MP: 2/9
  1328 | D:2      | Reached skill level 1 in Invocations
  1424 | D:2      | Found a shimmering blue altar of Sif Muna.
  1435 | D:2      | Reached skill level 1 in Fighting
  1435 | D:2      | Reached skill level 1 in Short Blades
  1435 | D:2      | Reached skill level 1 in Long Blades
  1435 | D:2      | Reached skill level 1 in Axes
  1435 | D:2      | Reached skill level 1 in Maces & Flails
  1435 | D:2      | Reached skill level 1 in Polearms
  1435 | D:2      | Reached skill level 1 in Staves
  1435 | D:2      | Reached skill level 1 in Ranged Weapons
  1435 | D:2      | Reached skill level 1 in Throwing
  1435 | D:2      | Reached skill level 1 in Armour
  1435 | D:2      | Reached skill level 1 in Shields
  1435 | D:2      | Reached skill level 1 in Unarmed Combat
  1435 | D:2      | Reached skill level 1 in Evocations
  1736 | D:2      | Reached XP level 4. HP: 32/32 MP: 7/11
  2008 | D:2      | You fall into a shaft and drop 1 floor!
  2157 | D:2      | Found a faded altar of an unknown god.
  2269 | D:2      | Learned a level 2 spell: Scorch
  2272 | D:2      | Reached skill level 1 in Hexes
  2272 | D:2      | Reached skill level 1 in Summonings
  2272 | D:2      | Reached skill level 1 in Necromancy
  2272 | D:2      | Reached skill level 1 in Translocations
  2272 | D:2      | Reached skill level 1 in Transmutations
  2272 | D:2      | Reached skill level 1 in Ice Magic
  2272 | D:2      | Reached skill level 1 in Air Magic
  2272 | D:2      | Reached skill level 1 in Earth Magic
  2272 | D:2      | Reached skill level 1 in Poison Magic
  2568 | D:3      | Learned a level 4 spell: Flame Wave
  2572 | D:3      | Learned a level 3 spell: Inner Flame
  2963 | D:3      | Found a faded altar of an unknown god.
  2968 | D:3      | Found a glowing silver altar of Zin.
  3172 | D:3      | Reached XP level 5. HP: 37/37 MP: 9/12
  3277 | D:4      | Found Tesa's Weapon Shop.
  3336 | D:4      | Found Pumnupu's Antique Weapon Shoppe.
  3367 | D:4      | Found a staircase to the Ecumenical Temple.
  3425 | Temple   | Entered the Ecumenical Temple
  3633 | D:4      | Found Totsut's Magic Scroll Emporium.
  3676 | D:4      | Found Xatamaw's General Store.
  4291 | D:5      | Entered Level 5 of the Dungeon
  4368 | D:5      | Noticed an ogre
  4371 | D:5      | Killed an ogre
  4372 | D:5      | Reached skill level 5 in Dodging
  4372 | D:5      | Reached XP level 6. HP: 44/44 MP: 7/14
  4432 | D:5      | Found Doaraus's One-of-a-Kind Rings.
  4605 | D:5      | Reached XP level 7. HP: 33/50 MP: 10/15
  4850 | D:5      | Reached skill level 5 in Stealth
  4903 | D:5      | Found an opulent altar of Gozag.
  4951 | D:5      | Found Jeyt's Hydra Hut.
  4995 | D:5      | Noticed an eight-headed hydra
  5447 | D:6      | Reached XP level 8. HP: 19/58 MP: 8/16
  5675 | D:6      | Noticed Prince Ribbit
  5703 | D:6      | Killed Prince Ribbit
  5977 | D:6      | Shot with an arrow by a centaur

Illustrated notes

Levels and vault maps discovered:
D:1:      co_arrival_square_in_a_square_in_a_square, layout_loops_cross,
          skrybe_limestone_x
D:2:      layout_rooms, hellmonk_ecumenical_altar_zigzags, basic_altar,
          minmay_misc_feat_more_columns, minmay_misc_feat_cross,
          cheibrodos_gnoll_hut
D:3:      layout_loops_ring, nicolae_overflow_ecumenical_swirl
D:4:      layout_loops_ring, minmay_temple_entry_wispy, serial_shops,
          nicolae_lakefront_shop, shop, shop, nicolae_shop_back_alley_shop
D:5:      layout_rooms, nicolae_gozag_seed_capital, nicolae_hexahallways,
          nicolae_shop_unique_rings, doesnt_shop_hydraphobe
D:6:      layout_loops_ring, chequers_jeans, minmay_mini_ossuary,
          uniq_blork_the_orc, uniq_prince_ribbit1, uniq_pikel
Temple:   bh_familiar_temple

Skill      XL: |  1  2  3  4  5  6  7  8 |
---------------+-------------------------+-----
Conjurations   | 2 3 |  3.7
Spellcasting   | 5 6 |  6.2
Invocations    | 1 2 3 4 |  4.0
Fighting       | 1 2 3 |  3.6
Short Blades   | 1 2 3 |  3.6
Long Blades    | 1 2 3 |  3.6
Axes           | 1 2 3 |  3.6
Maces & Flails | 1 2 3 |  3.6
Polearms       | 1 2 3 |  3.6
Staves         | 1 2 3 |  3.6
Ranged Weapons | 1 2 3 |  3.6
Throwing       | 1 2 3 |  3.6
Armour         | 1 2 3 |  3.6
Shields        | 1 2 3 |  3.6
Unarmed Combat | 1 2 3 |  3.6
Evocations     | 1 2 3 |  3.6
Hexes          | 1 2 3 |  3.0
Summonings     | 1 2 3 |  3.0
Necromancy     | 1 2 3 |  3.0
Translocations | 1 2 3 |  3.0
Transmutations | 1 2 3 |  3.0
Ice Magic      | 1 2 3 |  3.0
Air Magic      | 1 2 3 |  3.0
Earth Magic    | 1 2 3 |  3.0
Poison Magic   | 1 2 3 |  3.0
Dodging        | 5 |  5.9
Stealth        | 5 |  5.6
Fire Magic     | 6 |  6.2

Action                     |  1- 3 |  4- 6 |  7- 9 || total
---------------------------+-------+-------+-------++-------
  Melee: Unarmed           |       |     2 |       ||     2
         Punch             |       |     1 |       ||     1
         Battleaxe         |       |       |    17 ||    17
         Bite              |       |       |     1 ||     1
   Cast: Foxfire           |    95 |    90 |    62 ||   247
         Scorch            |       |     9 |    17 ||    26
    Use: Scroll            |       |       |     1 ||     1
         Potion            |       |       |     1 ||     1
 Armour: Robe              |     3 |     4 |     9 ||    16
  Dodge: Dodged            |    14 |    23 |    50 ||    87

Table legend: (Time is in decaauts)
 A = Elapsed time spent in this place.
 B = Non-inter-level travel time spent in this place.
 C = Inter-level travel time spent in this place.
 D = Time resting spent in this place.
 E = Time spent auto-exploring this place.
 F = Levels seen in this place.
 G = Mean time per level.
                   A        B        C        D        E       F      G
               +--------+--------+--------+--------+--------+-----+--------+
         Total |   5984 |   5864 |    120 |    245 |   4773 |   7 |  854.9 |
       Dungeon |   5799 |   5687 |    112 |    245 |   4599 |   6 |  966.5 |
        Temple |    184 |    176 |      8 |      0 |    174 |   1 |  184.0 |
               +--------+--------+--------+--------+--------+-----+--------+

Top non-repeatable levels by time:
     D:2: 1198 daAuts
     D:1: 1140 daAuts
     D:5: 989 daAuts
     D:3: 886 daAuts
     D:4: 881 daAuts
     D:6: 704 daAuts
  Temple: 184 daAuts
